 Dungeon Crawl Stone Soup version 0.21-a0-227-g58a7c62 (webtiles) character file.

1656 Ijustatesigmund the Covered (level 9, -13/69 HPs)
             Began as a Formicid Fighter on Aug 30, 2017.
             Mangled by a two-headed ogre
             ... wielding a cursed -3 giant club
              (29 damage)
             ... on level 8 of the Dungeon.
             The game lasted 00:11:35 (5237 turns).

Ijustatesigmund the Covered (Formicid Fighter)      Turns: 5237, Time: 00:11:35

Health: -13/69     AC: 10    Str: 26    XL:     9   Next: 20%
Magic:  9/9        EV: 15    Int:  8    God:
Gold:   259        SH: 11    Dex: 18    Spells: 8/8 levels left

rFire    . . .     SeeInvis +   a - +0 long sword (elec)
rCold    + . .     Gourm    .   c - +0 shield
rNeg     . . .     Faith    .   b - +0 chain mail
rPois    +         Spirit   .   (helmet unavailable)
rElec    .         Reflect  .   (no cloak)
rCorr    .         Harm     .   (no gloves)
MR       .....                  (no boots)
Stlth    +.........             (no amulet)
HPRegen  0.21/turn              h - ring of poison resistance
MPRegen  0.11/turn              m - ring of protection from cold

@: mighty, agile
A: permanent stasis, dig shafts and tunnels, four strong arms, antennae 3
a: Dig, Shaft Self


You were on level 8 of the Dungeon.
You were very hungry.

You visited 2 branches of the dungeon, and saw 9 of its levels.

You collected 382 gold pieces.
You spent 123 gold pieces at shops.

Inventory:

Hand Weapons
 a - a +0 long sword of electrocution (weapon)
Armour
 b - a +0 chain mail (worn)
 c - a +0 shield (worn)
Jewellery
 h - a ring of poison resistance (left hand)
 m - a ring of protection from cold (right hand)
Wands
 e - a wand of lightning (15/15)
 o - a wand of polymorph (7/24)
Scrolls
 g - 8 scrolls of remove curse
 n - 2 scrolls of magic mapping
Potions
 d - a potion of might
 k - a potion of lignification
 l - a potion of agility
Books
 p - a book of Conjurations

   Spells                             Type                      Level
   a - Magic Dart                     Conjuration                  1
   b - Searing Ray                    Conjuration                  2
   c - Dazzling Spray                 Conjuration/Hexes            3
   d - Fulminant Prism                Conjuration/Hexes            4
   e - Force Lance                    Conjuration/Translocation    4
   f - Iskenderun's Mystic Blast      Conjuration                  4
Comestibles
 f - 8 bread rations
 i - a royal jelly
 j - 3 meat rations
 q - 3 fruits


   Skills:
 - Level 5.7 Fighting
 - Level 4.6 Long Blades
 - Level 6.2 Armour
 + Level 4.0 Dodging
 + Level 6.0 Stealth
 - Level 6.1 Shields


You had 8 spell levels left.
You didn't know any spells.

Dungeon Overview and Level Annotations

Branches:
Dungeon (8/15)             Temple (1/1) D:7
   Lair: D:8-11

Altars:
Ashenzari
Fedhas
Nemelex Xobeh
Okawaru
Ru
Trog
Uskayaw
Vehumet
Wu Jian
Xom
Yredelemnul
Zin
The Shining One

Shops:
D:5 *   D:6 ?(*(   D:7 *[

Annotations:
D:4 Ijyb


Innate Abilities, Weirdness & Mutations

You cannot be hasted, slowed, berserked, paralysed or teleported.
You can dig through walls and to a lower floor.
Your four strong arms can wield two-handed weapons with a shield.
You have a pair of large antennae on your head. (SInv)


Message History

You barely miss the two-headed ogre. The two-headed ogre closely misses you.
The two-headed ogre hits you but does no damage.
You slash the two-headed ogre!
The two-headed ogre is moderately wounded.
You feel agile all of a sudden.
The two-headed ogre hits you but does no damage.
The two-headed ogre hits you with a giant club!
* * * LOW HITPOINT WARNING * * *
You block the ogre's attack.
Are you sure you want to shaft yourself?
You are feeling very hungry.
The komodo dragon hisses angrily.
You block the two-headed ogre's attack.
The two-headed ogre hits you with a giant club.
* * * LOW HITPOINT WARNING * * *
The ogre misses you. You block the jackal's attack.
You begin to dig a shaft.
You continue digging a shaft.
You block the jackal's attack.
The two-headed ogre hits you with a giant club!!
You die...

#. #. #.# #.. {
#.. ####..
#8....##
('....<########.
#8..l..O@h>.....
........O......h.
..[..........$##.
........######...
........# ##
.......## ......#
.....


You could see a two-headed ogre, a komodo dragon, an ogre and 2 jackals.

Vanquished Creatures
  A black bear (D:7)
  An ogre (D:6)
  An orc warrior (D:6)
  An ice beast (D:7)
  A phantom (D:5)
  A centaur (D:5)
  3 bullfrogs
  A scorpion (D:6)
  A howler monkey (D:8)
  4 bullfrog zombies
  An orc priest (D:6)
  4 hounds
  4 orc wizards
  An iguana (D:7)
  5 worker ants
  A hound zombie (D:6)
  A hound skeleton (D:6)
  6 gnolls
  2 worker ant zombies
  7 adders
  3 shadow imps
  An ooze (D:1)
  2 worms (D:2)
  A dart slug (D:2)
  4 leopard geckos
  15 orcs
  2 ball pythons
  4 giant cockroaches
  13 goblins
  6 hobgoblins
  16 jackals
  2 kobolds
  3 quokkas
  6 bats
  5 frilled lizards
  A giant cockroach zombie (D:5)
  A quokka zombie (D:5)
  6 rats
  A spectral orc (D:7)
139 creatures vanquished.

Notes
Turn   | Place    | Note
-------+----------+-------------------------------------------
     0 | D:1      | Ijustatesigmund the Formicid Fighter began the quest for the Orb.
     0 | D:1      | Reached XP level 1. HP: 18/18 MP: 1/1
    52 | D:1      | Reached XP level 2. HP: 20/24 MP: 2/2
   262 | D:1      | Reached XP level 3. HP: 25/29 MP: 3/3
   801 | D:2      | Reached XP level 4. HP: 37/37 MP: 4/4
  1187 | D:3      | Found a sacrificial altar of Ru.
  1204 | D:3      | Reached XP level 5. HP: 42/42 MP: 5/5
  1689 | D:4      | Found a shimmering altar of Xom.
  1689 | D:4      | Found a glowing silver altar of Zin.
  1689 | D:4      | Noticed an angel
  1724 | D:4      | Noticed Ijyb
  1737 | D:4      | Noticed an ogre
  1739 | D:4      | You fall through a shaft for 2 floors!
  1815 | D:6      | Reached XP level 6. HP: 41/48 MP: 6/6
  1986 | D:5      | Entered Level 5 of the Dungeon
  1997 | D:5      | Found Teugics's General Store.
  2002 | D:5      | Bought a scroll of identify for 28 gold pieces
  2330 | D:5      | Noticed a phantom
  2341 | D:5      | You fall through a shaft for 2 floors!
  2341 | D:7      | Found a staircase to the Ecumenical Temple.
  2342 | D:7      | Reached skill level 5 in Armour
  2346 | D:7      | Reached XP level 7. HP: 34/55 MP: 7/7
  2499 | Temple   | Entered the Ecumenical Temple
  2786 | D:7      | Found Xycoarat's Armour Emporium.
  2837 | D:6      | Found Heczoqas's Magic Scroll Shop.
  2839 | D:6      | Bought a scroll of magic mapping for 38 gold pieces
  2907 | D:6      | Reached skill level 5 in Shields
  3011 | D:6      | Found Zuus's Antique Weapon Shop.
  3051 | D:6      | Reached skill level 5 in Fighting
  3402 | D:6      | Found an ornate altar of the Wu Jian Council.
  3406 | D:6      | Reached XP level 8. HP: 63/63 MP: 8/8
  3461 | D:6      | Found Fear's Weapon Emporium.
  3487 | D:6      | Found Awecsar's Assorted Antiques.
  3500 | D:6      | Bought a scroll labeled MEC UHEXAT QUD for 30 gold pieces
  3500 | D:6      | Bought a coppery potion for 27 gold pieces
  3939 | D:5      | Reached skill level 1 in Stealth
  4178 | D:5      | Reached skill level 1 in Dodging
  4601 | D:7      | Found Reaj's General Store.
  4692 | D:7      | Found a basalt altar of Yredelemnul.
  4846 | D:7      | Reached XP level 9. HP: 62/69 MP: 9/9
  4891 | D:7      | Reached skill level 5 in Stealth
  5224 | D:8      | Noticed a komodo dragon
  5227 | D:8      | Noticed a two-headed ogre
  5237 | D:8      | Mangled by a two-headed ogre

Vault maps used:
D:1:      dpeg_arrival_connections, minmay_misc_feat_four_crosses
D:2:      first_bread
D:3:      nicolae_ru_path_of_blood
D:4:      grunt_temple_overflow_order_and_chaos_1, lemuel_doored_altar,
          kennysheep_slug_shrine, uniq_ijyb
D:5:      serial_shops, kennysheep_little_box, minmay_misc_feat_nine_boxes
D:6:      kennysheep_mini, serial_shops, shop, shop,
          nicolae_shop_overgrown_old_shop, shop
D:7:      yredelemnul_forgotten_temple_becter, minmay_temple_entry_large_hall,
          serial_shops, shop, nicolae_shop_behind_doors
D:8:      minmay_cornered_nines, nicolae_dithmenos_the_darkroom,
          lair_entry_dummy, the_bakery, jmf_multi_god_temple2, uniq_erica
Temple:   grunt_temple_mini_profane

Skill      XL: |  1  2  3  4  5  6  7  8  9 |
---------------+----------------------------+-----
Shields        | 4 5 6 |  6.1
Armour         | 4 5 6 |  6.2
Long Blades    | 3 4 |  4.6
Fighting       | 4 5 |  5.7
Stealth        | 4 6 |  6.0
Dodging        | 3 4 |  4.0

Action                   |  1- 3 |  4- 6 |  7- 9 || total
-------------------------+-------+-------+-------++-------
Melee: Long sword        |   120 |   203 |   206 ||   529
 Abil: Dig               |     1 |       |     1 ||     2
       Shaft Self        |       |     2 |     1 ||     3
Evoke: Wand              |       |       |     3 ||     3
  Use: Scroll            |     1 |     6 |     4 ||    11
       Potion            |       |       |     6 ||     6
  Eat: Chunk             |       |     4 |     7 ||    11
       Royal jelly       |       |     1 |     1 ||     2
Armor: Leather armour    |    24 |       |       ||    24
       Scale mail        |    30 |    53 |       ||    83
       Chain mail        |       |    50 |    85 ||   135
       Skin              |       |       |     9 ||     9
Dodge: Dodged            |    38 |    70 |    51 ||   159
Block: Shield            |    88 |   126 |   124 ||   338
       Rpst.: Long sword |    13 |    26 |    13 ||    52

Table legend:
 A = Spawn XP
 B = Non-spawn XP
 C = Spawn XP percentage of total XP
 D = Spawn monster count
 E = Non-spawn monster count
 F = Spawn count percentage of total count
 G = Total turns spent on level
                    A         B        C        D         E        F      G
               +---------+---------+-------+---------+---------+-------+---------
         Total |     379 |    1987 |  16.0 |      18 |     121 |  12.9 |  5237
               +---------+---------+-------+---------+---------+-------+---------
           D:1 |       3 |      48 |   5.9 |       2 |      24 |   7.7 |   745
           D:2 |       3 |      65 |   4.4 |       2 |      17 |  10.5 |   369
           D:3 |       4 |     104 |   3.7 |       2 |      21 |   8.7 |   572
           D:4 |       0 |      35 |   0.0 |       0 |       2 |   0.0 |    53
           D:5 |       1 |     487 |   0.2 |       1 |      19 |   5.0 |   907
           D:6 |     113 |     641 |  15.0 |       6 |      22 |  21.4 |  1263
           D:7 |     255 |     457 |  35.8 |       5 |      13 |  27.8 |  1120
           D:8 |       0 |     150 |   0.0 |       0 |       3 |   0.0 |    15
               +---------+---------+-------+---------+---------+-------+---------
